 Dungeon Crawl Stone Soup version 0.30-a0-1008-g30c9307041 (webtiles) character file.

Game seed: 10418708159950948626

106 retardedninja the Trooper (level 4, 42/42 HPs)
             Began as a Naga Fighter on Apr 5, 2023.
             Was a Follower of Vehumet.
             Quit the game on level 2 of the Dungeon.
             The game lasted 00:02:04 (1678 turns).

retardedninja the Trooper (Naga Fighter)            Turns: 1678, Time: 00:02:05

Health: 42/42      AC:  6    Str: 21    XL:     4   Next: 84%
Magic:  4/4        EV:  7    Int:  8    God:    Vehumet [*.....]
Gold:   86         SH:  4    Dex: 10    Spells: 3/3 levels left

rFire   . . .      SeeInvis +    a - +0 war axe
rCold   . . .      Faith    .    c - +0 buckler
rNeg    . . .      Spirit   .    b - +0 scale mail
rPois   +          Reflect  .    (no helmet)
rElec   .          Rampage  .    (no cloak)
rCorr   .                        h - +0 pair of gloves
Will    .....                    (no barding) Stlth
                                 (no amulet)
HPRegen 0.27/turn                (no ring)
MPRegen 0.09/turn                (no ring)

@: very slow
A: AC +1, large, see invisible, deformed body, poison resistance, slowness 2,
spit poison 1, naga tail 1
a: Spit Poison, Renounce Religion


You were on level 2 of the Dungeon.
You worshipped Vehumet.
Vehumet was aware of your devotion.
You visited 1 branch of the dungeon, and saw 2 of its levels.

You collected 86 gold pieces.

Inventory:

Hand Weapons
 a - a +0 war axe (weapon)
Armour
 b - a +0 scale mail (worn)
 c - a +0 buckler (worn)
 h - a +0 pair of gloves (worn)
Scrolls
 e - 2 scrolls of fog {unknown}
 f - a scroll of teleportation {unknown}
 g - a scroll of identify {unknown}
 j - a scroll of poison {unknown}
 k - a scroll of noise {unknown}
Potions
 d - 2 potions of might
 i - a potion of mutation {unknown}


   Skills:
 + Level 3.5 Fighting
 * Level 3.4 Axes
 + Level 2.9 Armour
 + Level 3.2 Shields


You had 3 spell levels left.
You didn't know any spells.
Your spell library contained the following spells:

 Spells                   Type           Power      Damage    Failure   Level
 Shock                    Conj/Air       0%         1d3       82%         1
 Dazzling Flash           Conj/Hex       0%         N/A       99%         3
 Volatile Blastmotes      Fire/Tloc      0%         2d10      99%         3
 Iskenderun's Mystic Bla  Conj/Tloc      0%         2d3       100%        4
 Starburst                Conj/Fire      0%         6d3       100%        6


Dungeon Overview and Level Annotations

Branches:
Dungeon (2/15)

Altars:
Vehumet


Innate Abilities, Weirdness & Mutations

Your serpentine skin is tough. (AC +1)
You have supernaturally acute eyesight. (SInv)
Armour fits poorly on your strangely shaped body.
Your system is resistant to poisons. (rPois)
You cover ground very slowly.
You can spit poison.
You have a snake-like lower body.


Message History

You barely miss the adder. The adder bites you.
* * * LOW HITPOINT WARNING * * *
You block the worm's attack. The adder bites you but does no damage.
You hit the worm.
You kill the worm!
You closely miss the adder. The adder barely misses you.
Found 4 stones.
The adder barely misses you. The adder bites you but does no damage.
You see here a hobgoblin corpse.
You slash the adder!
You kill the adder!
A frilled lizard comes into view.
You see here an adder corpse.
The frilled lizard hisses angrily.
You see here a hobgoblin corpse.
The frilled lizard hisses.
Aiming: Spit Poison (1% risk of failure)
Press: ? - help, Q - select action Shift-Dir - straight line, f - frilled lizard
Aim: a frilled lizard (37% to hit)
The splash of poison misses the frilled lizard.
You miss the frilled lizard. The frilled lizard bites you.
You slash the frilled lizard!
You kill the frilled lizard!
You have got your breath back.
You start resting.
HP restored.
You start waiting.
Done waiting.
You see here a hobgoblin skeleton.
Found 2 poisoned darts.
There is a faded altar of an unknown god here.
You see here a +0 dagger.
This altar belongs to (a) Vehumet, (b) Jiyva or (c) Zin, but you can't tell which.
Press the corresponding letter to learn more about a god, or press enter to convert or escape to cancel.
Vehumet accepts your prayer! Vehumet welcomes you!
You can now gain magical power from killing.
Vehumet offers you knowledge of Shock.
Are you sure you want to abandon this character and quit the game? (Confirm with "yes".)
Okay, then.
Are you sure you want to abandon this character and quit the game? (Confirm with "yes".)

###### ###......###
#....####........######
#....#...÷.......÷....#
.....').÷.<...........+
######.......###÷÷....#.
#.......##.......<.. #
#.......#........... ###
#########........... ..#
#..@..###... ..######
#.............. .......#
#...........#.. .......#
#......#..(.# .†.....#
#####..+....+ #'##...#
#.##..(.# #.##...## #.
....# #+#.....# #+ .###
........#


There were no monsters in sight!

Vanquished Creatures
  6 adders (D:2)
  2 worms (D:2)
  2 dart slugs (D:1)
  3 bats
  4 endoplasms
  2 giant cockroaches (D:1)
  5 goblins
  3 hobgoblins
  A quokka (D:2)
  5 ball pythons (D:1)
  7 frilled lizards
  5 kobolds
  2 rats (D:1)
47 creatures vanquished.

Notes
Turn   | Place    | Note
-------+----------+-------------------------------------------
     0 | D:1      | retardedninja the Naga Fighter began the quest for the Orb.
     0 | D:1      | Reached XP level 1. HP: 21/21 MP: 1/1
   174 | D:1      | Reached XP level 2. HP: 25/28 MP: 2/2
   600 | D:1      | Reached XP level 3. HP: 33/34 MP: 3/3
  1273 | D:2      | Reached XP level 4. HP: 36/42 MP: 4/4
  1443 | D:2      | Found a faded altar of an unknown god.
  1677 | D:2      | Prayed at the altar of an unknown god.
  1677 | D:2      | Became a worshipper of Vehumet
  1677 | D:2      | Reached * piety under Vehumet
  1677 | D:2      | Offered knowledge of Shock by Vehumet.
  1678 | D:2      | Quit the game

Illustrated notes

Levels and vault maps discovered:
D:1:      shiori_arrival_oz, layout_basic
D:2:      layout_basic, ebering_ecumenical_altar_sacrificial,
          uniq_crazy_yiuf_cottage

Skill      XL: |  1  2  3 |
---------------+----------+-----
Shields        | 3 |  3.2
Axes           | 3 |  3.4
Fighting       | |  3.5
Armour         | |  2.9

Action                     |  1- 3 |  4- 6 || total
---------------------------+-------+-------++-------
  Melee: War axe           |   103 |    44 ||   147
Ability: Spit Poison       |    12 |     2 ||    14
 Armour: Scale mail        |    45 |    40 ||    85
  Dodge: Dodged            |    34 |    22 ||    56
  Block: Buckler           |    30 |    20 ||    50

Table legend: (Time is in decaauts)
 A = Elapsed time spent in this place.
 B = Non-inter-level travel time spent in this place.
 C = Inter-level travel time spent in this place.
 D = Time resting spent in this place.
 E = Time spent auto-exploring this place.
 F = Levels seen in this place.
 G = Mean time per level.
                   A        B        C        D        E       F      G
               +--------+--------+--------+--------+--------+-----+--------+
         Total |   2138 |   2087 |     51 |    195 |   1496 |   2 | 1069.0 |
       Dungeon |   2138 |   2087 |     51 |    195 |   1496 |   2 | 1069.0 |
               +--------+--------+--------+--------+--------+-----+--------+

Top non-repeatable levels by time:
     D:1: 1485 daAuts
     D:2: 653 daAuts
